 Dungeon Crawl Stone Soup version 0.30-a0-177-g1cb5dbfd7a (webtiles) character file.

Game seed: 18172857563486847449

2599 glaedl the Reanimator (level 9, -5/51 (58) HPs)
             Began as a Demonspawn Necromancer on Oct 2, 2022.
             Was an Initiate of Yredelemnul.
             Slain by a shadow (14 damage)
             ... on level 8 of the Dungeon.
             The game lasted 00:37:43 (7764 turns).

glaedl the Reanimator (Demonspawn Necromancer)      Turns: 7764, Time: 00:37:43

HP:   -5/51 (58)    AC:  6    Str: 10    XL:     9   Next: 33%
MP:   21/21         EV: 12    Int: 20    God:    Yredelemnul [......]
Gold: 298           SH:  0    Dex: 13    Spells: 20/24 levels left

rFire   . . .      SeeInvis .    c - staff of poison
rCold   . . .      Faith    .    (no shield)
rNeg    . . .      Spirit   .    a - +1 robe
rPois   +          Reflect  .    (no helmet)
rElec   .          Harm     .    (no cloak)
rCorr   +          Rampage  .    (no gloves)
Will    .....                    j - +2 pair of boots
Stlth   ++........               (no amulet)
HPRegen 0.28/turn                y - ring of resist corrosion
MPRegen 0.34/turn                (no ring)

@: heavily drained
A: foul stench 2, magic regeneration, demonic touch 2
a: Renounce Religion, Recall Undead Harvest


You were on level 8 of the Dungeon.
You worshipped Yredelemnul.
Yredelemnul was noncommittal.
You visited 2 branches of the dungeon, and saw 9 of its levels.

You collected 298 gold pieces.

Inventory:

Armour
 a - a +1 robe (worn)
 j - a +2 pair of boots (worn)
Magical Staves
 c - a staff of poison (weapon)
Jewellery
 y - a ring of resist corrosion (left hand)
Wands
 x - a wand of mindburst (2)
 A - a wand of flame (33)
 C - a wand of iceblast (13)
 D - a wand of charming (12)
Scrolls
 d - 5 scrolls of identify
 f - a scroll of immolation
 k - 2 scrolls of magic mapping
 m - a scroll of brand weapon
 n - 3 scrolls of vulnerability
 p - 2 scrolls of enchant armour
 u - 3 scrolls of blinking
 v - a scroll of teleportation
 B - a scroll of butterflies
Potions
 b - 2 potions of magic
 e - 5 potions of heal wounds {unknown}
 g - a potion of might {unknown}
 h - a potion of ambrosia {unknown}
 i - a potion of mutation {unknown}
 l - 2 potions of degeneration {unknown}
 o - a potion of invisibility {unknown}
 q - a potion of berserk rage {unknown}
 r - a potion of flight {unknown}
 s - a potion of haste {unknown}
 t - 2 potions of attraction {unknown}
 w - 2 potions of lignification {unknown}
 z - a potion of curing {unknown}


   Skills:
 + Level 0.4 Fighting
 + Level 0.6 Staves
 + Level 2.9 Dodging
 + Level 2.8 Stealth
 + Level 8.1 Spellcasting
 + Level 10.1 Necromancy
 + Level 0.2 Invocations
 + Level 1.6 Evocations


You had 20 spell levels left.
You knew the following spells:

 Your Spells              Type           Power      Damage    Failure   Level
a - Necrotise             Necr           100%       1d9       1%          1
b - Vampiric Draining     Necr           48%        2d9       1%          3

Your spell library contained the following spells:

 Spells                   Type           Power      Damage    Failure   Level
 Agony                    Necr           48%        N/A       3%          5
 Ignite Poison            Fire/Tmut/Pois 12%        N/A       26%         3
 Ozocubu's Armour         Ice            8%         N/A       26%         3
 Portal Projectile        Hex/Tloc       16%        N/A       26%         3
 Passage of Golubria      Tloc           8%         N/A       63%         4
 Sticky Flame             Conj/Fire      8%         2d3       63%         4
 Fireball                 Conj/Fire      4%         3d4       93%         5
 Metabolic Englaciation   Hex/Ice        4%         N/A       93%         5
 Ignition                 Fire           4%         3d4       100%        8
 Animate Dead             Necr           Unusable   N/A       N/A         4
 Simulacrum               Ice/Necr       Unusable   N/A       N/A         6

Dungeon Overview and Level Annotations

Branches:
Dungeon (8/15)             Temple (1/1) D:5
   Lair: D:8-11

Altars:
Dithmenos
Fedhas
Gozag
Kikubaaqudgha
Makhleb
Nemelex Xobeh
Okawaru
Qazlal
Ru
Sif Muna
Trog
Uskayaw
Wu Jian
Xom
Yredelemnul

Annotations:
D:7 3 runed translucent doors, Iusername's ghost, novice MiFi


Innate Abilities, Weirdness & Mutations

You sometimes emit foul miasma when damaged in melee.
You regenerate magic rapidly.
Your touch may inflict irresistible damage on your foes.


Message History

You hit the shadow but do no damage. Your touch misses the shadow.
The shadow is heavily damaged.
The shadow closely misses you.
You hit the shadow but do no damage.
You touch the shadow.
The shadow is almost destroyed.
The shadow slips into darkness.
The shadow flickers and vanishes!
Deactivating autopickup; reactivate with Ctrl-A.
You barely miss something.
The shadow strikes at you from the darkness!
Ouch! That really hurt!
* * * LOW HITPOINT WARNING * * *
Reactivating autopickup.
You swap places.
The shadow slips into darkness.
The shadow flickers and vanishes!
Deactivating autopickup; reactivate with Ctrl-A.
You swap places.
The shadow strikes at your orc priest zombie from the darkness!
Reactivating autopickup.
You swap places.
The shadow hits your orc priest zombie!
Your orc priest zombie hits the shadow but does no damage.
You start resting.
Something barely misses your orc wizard zombie.
You start resting.
Something hits your orc wizard zombie.
You start resting.
Something barely misses your orc wizard zombie.
You start resting.
Something hits your orc wizard zombie!
You start resting.
Something hits your orc wizard zombie!
The shadow strikes at your orc wizard zombie from the darkness!
Your orc wizard zombie is destroyed!
You start resting.
The shadow strikes at your orc wizard zombie from the darkness!
Your orc wizard zombie is destroyed!
You start resting.
The shadow strikes at your orc zombie from the darkness!
Your orc zombie is destroyed!
The shadow strikes at you from the darkness!
You die...
Your body rises from the dead as a mindless zombie.

# #.# #Z#
# #.# #.#
.. #.#
###
#Z#####
#.....#
###.###
#.# #.#
#@# ###
#.# #.#
#.#
#.###.###
#.......#
#.#######
#.# #Z#
#W#


There were no monsters in sight!

Vanquished Creatures
  Maggie (D:7)
  2 kobold demonologists (D:6)
  A water moccasin (D:7)
  An ogre (D:5)
  An orc warrior (D:6)
  2 centaurs
  A kobold brigand (D:7)
  A bullfrog (D:5)
  2 necrophages (D:5)
  2 scorpions (D:4)
  3 jellies
  3 orc priests
  6 hounds
  4 iguanas
  7 orc wizards
  5 gnolls
  6 adders
  A shadow imp (D:7)
  2 ufetubi
  A dart slug (D:3)
  20 orcs
  4 ball pythons
  8 endoplasms
  5 giant cockroaches
  5 goblins
  4 hobgoblins
  3 jackals (D:1)
  8 kobolds
  4 quokkas
  5 bats
  3 frilled lizards
  5 rats
126 creatures vanquished.

Vanquished Creatures (collateral kills)
  A jelly (D:6)
  An orc priest (D:6)
  An orc wizard (D:6)
  A gnoll (D:7)
  2 white imps
  2 orcs
  A giant cockroach (D:2)
  A kobold (D:7)
10 creatures vanquished.

Vanquished Creatures (others)
  A spectral centaur (D:6)
  A human zombie (D:7)
  A spectral hound (D:7)
  A hound zombie (D:7)
  An iguana zombie (D:6)
  A spectral shadow imp (D:7)
  2 gnoll zombies (D:7)
  A kobold zombie (D:7)
  14 orc zombies
  A spectral ufetubus (D:6)
24 creatures vanquished.

Grand Total: 160 creatures vanquished

Notes
Turn   | Place    | Note
-------+----------+-------------------------------------------
     0 | D:1      | glaedl the Demonspawn Necromancer began the quest for the
                  | Orb.
     0 | D:1      | Reached XP level 1. HP: 13/13 MP: 3/3
    13 | D:1      | Upgraded the game from 0.30-a0-172-gc5509c9e31 to
                  | 0.30-a0-177-g1cb5dbfd7a
   373 | D:1      | Gained mutation: Your touch may inflict minor irresistible
                  | damage on your foes. [demonic ancestry]
   373 | D:1      | Reached XP level 2. HP: 19/19 MP: 1/5
   502 | D:1      | Found a faded altar of an unknown god.
   900 | D:2      | Reached skill level 5 in Necromancy
   900 | D:2      | Gained mutation: Your touch may inflict irresistible damage
                  | on your foes. [demonic ancestry]
   900 | D:2      | Reached XP level 3. HP: 14/24 MP: 2/6
  2201 | D:3      | Gained mutation: You regenerate magic rapidly. [demonic
                  | ancestry]
  2201 | D:3      | Reached XP level 4. HP: 30/30 MP: 5/8
  2850 | D:4      | Noticed a scorpion
  2856 | D:4      | Killed a scorpion
  2857 | D:4      | Reached skill level 6 in Necromancy
  2857 | D:4      | Gained mutation: You may rarely emit foul miasma when
                  | damaged in melee. [demonic ancestry]
  2857 | D:4      | Reached XP level 5. HP: 35/35 MP: 5/10
  2993 | D:4      | Learned a level 3 spell: Vampiric Draining
  3383 | D:4      | Noticed an ogre
  3906 | D:5      | Entered Level 5 of the Dungeon
  3940 | D:5      | Reached XP level 6. HP: 41/41 MP: 8/12
  4374 | D:5      | Reached skill level 7 in Necromancy
  4468 | D:5      | Reached XP level 7. HP: 46/46 MP: 10/14
  4749 | D:5      | Found a staircase to the Ecumenical Temple.
  4757 | Temple   | Entered the Ecumenical Temple
  4807 | Temple   | Became a worshipper of Yredelemnul the Dark
  5099 | D:5      | Reached skill level 5 in Spellcasting
  5615 | D:6      | Reached skill level 8 in Necromancy
  5749 | D:6      | Reached * piety under Yredelemnul
  5823 | D:6      | Gained mutation: You sometimes emit foul miasma when
                  | damaged in melee. [demonic ancestry]
  5823 | D:6      | Reached XP level 8. HP: 52/52 MP: 8/16
  5983 | D:6      | Found a bloodstained altar of Trog.
  6149 | D:7      | Noticed a kobold demonologist
  6149 | D:7      | Noticed a kobold demonologist
  6257 | D:7      | Noticed Iusername's ghost (novice MiFi)
  6409 | D:7      | Found a runed translucent gate.
  6409 | D:7      | Found a runed translucent gate.
  6410 | D:7      | Found a runed translucent gate.
  6547 | D:7      | Noticed a soul eater
  6560 | D:7      | Noticed a red devil
  6572 | D:7      | Noticed a hellwing
  6603 | D:6      | Killed a kobold demonologist
  6604 | D:6      | Reached skill level 9 in Necromancy
  6604 | D:6      | Reached skill level 1 in Evocations
  6611 | D:6      | Killed a kobold demonologist
  6870 | D:7      | Got the Catalogue of the Searing Map
  6960 | D:7      | Reached XP level 9. HP: 58/58 MP: 10/19
  7020 | D:7      | Noticed Maggie
  7080 | D:7      | Killed Maggie
  7081 | D:7      | Reached skill level 10 in Necromancy
  7096 | D:7      | Your ally Maggie died
  7764 | D:8      | Slain by a shadow

Illustrated notes

Levels and vault maps discovered:
D:1:      psy_arrival_terrarium, layout_basic, basic_ecumenical_altar
D:2:      layout_basic, kennysheep_generic_room_6
D:3:      layout_loops_corners
D:4:      layout_loops_ring, minivault_27, hangedman_decor_clover_reticule
D:5:      layout_cave_pods, minmay_temple_entry_glassed_door
D:6:      layout_gridville, overflow_temple_1_default
D:7:      layout_loops_corners, gammafunk_ghost_split, uniq_maggie
D:8:      layout_basic, uniq_pikel
Temple:   nicolae_temple_bog_church

Skill      XL: |  1  2  3  4  5  6  7  8  9 |
---------------+----------------------------+-----
Necromancy     | 5 6 7 8 9 10 | 10.1
Dodging        | 2 |  2.9
Spellcasting   | 3 4 5 7 8 |  8.1
Stealth        | 2 |  2.8
Evocations     | 1 |  1.6
Fighting       | |  0.4
Staves         | |  0.6
Invocations    | |  0.2

Action                   |  1- 3 |  4- 6 |  7- 9 || total
-------------------------+-------+-------+-------++-------
Melee: Staff             |     7 |    14 |    37 ||    58
       Touch             |     2 |     4 |     6 ||    12
 Cast: Necrotise         |    63 |    75 |    93 ||   231
       Vampiric Draining |       |     5 |    39 ||    44
Invok: Recall Undead Har |       |       |     1 ||     1
Evoke: Wand              |       |       |    16 ||    16
  Use: Scroll            |     3 |     5 |     4 ||    12
Armor: Robe              |     1 |     5 |    31 ||    37
Dodge: Dodged            |     7 |    23 |    59 ||    89

Table legend: (Time is in decaauts)
 A = Elapsed time spent in this place.
 B = Non-inter-level travel time spent in this place.
 C = Inter-level travel time spent in this place.
 D = Time resting spent in this place.
 E = Time spent auto-exploring this place.
 F = Levels seen in this place.
 G = Mean time per level.
                   A        B        C        D        E       F      G
               +--------+--------+--------+--------+--------+-----+--------+
         Total |   7782 |   7486 |    296 |   1025 |   5193 |   9 |  864.7 |
       Dungeon |   7706 |   7410 |    296 |   1025 |   5158 |   8 |  963.2 |
        Temple |     75 |     75 |      0 |      0 |     35 |   1 |   75.0 |
               +--------+--------+--------+--------+--------+-----+--------+

Top non-repeatable levels by time:
     D:5: 1659 daAuts
     D:7: 1321 daAuts
     D:3: 1057 daAuts
     D:2: 1030 daAuts
     D:4: 964 daAuts
     D:1: 854 daAuts
     D:6: 588 daAuts
     D:8: 230 daAuts
  Temple: 75 daAuts
